Map: Chantier naval orbital

Players

Frayed

  • Race: Zerg Zerg
  • League: Diamond

Nyast - Winner!

  • Race: Protoss Protoss
  • League: Platinum

VOD

Have the link to the VOD?

Description

Time

  • Played on: Sept. 10, 2015, 8:28 a.m.
  • Length: 12:14
Show
View Real Time Build Order
Export as new Build Order

Frayed Zerg 

Build Orders: 3 Hatch before Pool 

Get SALT Encoding   

  12  0:01  Drone  
  13  0:08  Drone  
  14  0:17  Overlord  
  14  0:27  Extractor  
  14  0:28  Drone  
  14  0:29  Drone, Extractor  
  16  0:37  Drone  
  17  0:53  Hatchery  
  17  0:56  Drone  
  17  0:59  Drone  
  18  1:20  Hatchery  
  17  1:28  Drone x3  
  20  1:39  Spawning Pool  
  19  1:42  Drone  
  20  1:50  Overlord  
  20  2:02  Drone  
  20  2:07  Drone  
  22  2:11  Drone  
  23  2:16  Drone  
  23  2:22  Drone  
  25  2:26  Queen, Extractor  
  25  2:27  Queen  
  28  2:31  Queen  
  28  2:32  Drone  
  28  2:34  Zergling x2  
  32  2:39  Drone x2  
  34  2:46  Drone  
  34  2:47  Drone  
  36  2:52  Roach Warren, Extractor, Drone  
  35  3:02  Drone x2  
  35  3:03  Overlord  
  37  3:08  Queen  
  37  3:10  Drone  
  37  3:12  Drone  
  41  3:16  Drone  
  42  3:23  Overlord  
  42  3:27  Drone x3  
  42  3:28  Drone  
  45  3:39  Roach x2  
  48  3:41  Overlord  
  48  3:52  Roach x4  
  53  4:07  Queen  
  53  4:08  Drone x7  
  62  4:12  Ravager x2  
  62  4:14  Overlord  
  62  4:16  Drone  
  65  4:24  Overlord  
  65  4:29  Extractor  
  64  4:32  Lair  
  64  4:33  Drone  
  64  4:34  Drone x4  
  64  4:35  Drone  
  64  4:36  Drone  
  71  4:39  Drone x2  
  71  4:43  Overlord  
  73  4:46  Drone x2  
  73  4:47  Drone  
  76  4:59  Overlord x2  
  76  5:03  Drone  
  76  5:04  Drone x4  
  76  5:05  Extractor  
  80  5:10  Evolution Chamber  
  80  5:12  Evolution Chamber, Roach  
  80  5:15  Overlord x2  
  80  5:17  Overlord  
  80  5:19  Drone, Roach  
  80  5:20  Roach  
  80  5:21  Roach  
  87  5:23  Drone x2  
  88  5:29  Drone x2  
  85  5:51  Spore Crawler, Spine Crawler  
  85  5:54  Extractor  
  85  5:55  Extractor  
  81  6:00  Roach x4  
  81  6:01  Roach x9  
  101  6:22  Drone x11  
  109  6:29  Hydralisk Den  
  109  6:31  Ravager x2  
  109  6:32  Ravager  
  111  6:34  Overlord x3  
  111  6:50  Unknown  
  111  6:57  Roach  
  111  6:58  Roach x8  
  124  7:11  Roach  
  124  7:12  Roach x4  
  124  7:44  Roach x3  
  127  7:53  Roach  
  127  7:54  Roach x3  
  127  7:55  Roach  
  134  8:00  Ravager x5  
  134  8:01  Ravager  
  134  8:05  Overseer  
  131  8:31  Roach  
  131  8:33  Overlord x3  
  100  8:55  Roach  
  100  8:56  Roach x6  
  75  9:15  Roach x2  
  75  9:17  Zerg Missile Weapons Level 1  
  79  9:27  Lair  
  79  9:28  Roach x2  
  83  9:36  Roach x2  
  83  9:37  Overlord x2  
  83  9:38  Hatchery  
  86  9:39  Queen  
  88  9:53  Hatchery  
  88  9:55  Roach  
  88  9:56  Roach x3  
  95  10:03  Spine Crawler  
  95  10:04  Spine Crawler  
  95  10:05  Spine Crawler  
  94  10:07  Roach x2  
  94  10:13  Zerg Ground Armor Level 1  
  94  10:14  Roach x2  
  100  10:19  Ravager x2  
  99  10:33  Roach  
  99  10:34  Roach x3  
  79  10:48  Roach  
  79  10:49  Roach x4  
  61  11:03  Roach  
  63  11:04  Roach x3  
  63  11:10  Roach x2  
  63  11:11  Roach  
  67  11:12  Queen  
  69  11:18  Roach x2  
  69  11:19  Roach  
  69  11:23  Drone x5  
  78  11:28  Drone x2  
  80  11:34  Drone  
  80  11:35  Drone  
Show
View Real Time Build Order
Export as new Build Order

Nyast Protoss - Winner!

Build Orders: 1 Gate Expand 

Get SALT Encoding   

  12  0:00  Probe (Chrono Boost)  
  13  0:10  Probe (Chrono Boost)  
  14  0:22  Probe (Chrono Boost), Pylon  
  15  0:40  Probe (Chrono Boost)  
  15  0:42  Gateway  
  16  0:47  Assimilator  
  16  0:50  Probe (Chrono Boost)  
  17  1:00  Probe (Chrono Boost)  
  18  1:17  Nexus  
  18  1:29  Cybernetics Core  
  18  1:31  Probe (Chrono Boost)  
  19  1:41  Probe (Chrono Boost)  
  19  1:42  Pylon  
  20  1:51  Probe (Chrono Boost)  
  20  1:52  Zealot  
  23  1:58  Assimilator  
  23  2:01  Probe (Chrono Boost)  
  24  2:10  Warp Gate  
  24  2:11  Mothership Core (Chrono Boost)  
  26  2:20  Pylon  
  26  2:24  Adept  
  26  2:29  Probe x2 (Chrono Boost)  
  30  2:39  Probe (Chrono Boost)  
  31  2:47  Robotics Facility  
  31  2:48  Probe (Chrono Boost)  
  32  2:56  Stalker  
  34  3:00  Probe (Chrono Boost)  
  34  3:02  Probe (Chrono Boost)  
  36  3:10  Probe (Chrono Boost)  
  36  3:12  Probe (Chrono Boost)  
  38  3:16  Pylon  
  38  3:20  Probe (Chrono Boost)  
  38  3:22  Probe (Chrono Boost)  
  40  3:30  Probe (Chrono Boost)  
  41  3:36  Probe (Chrono Boost)  
  41  3:40  Probe (Chrono Boost)  
  43  3:45  Warp Prism  
  43  3:46  Probe (Chrono Boost)  
  46  3:48  Gateway  
  46  3:50  Gateway  
  46  4:03  Probe x2 (Chrono Boost)  
  46  4:06  Gateway  
  46  4:07  Gateway  
  48  4:13  Probe (Chrono Boost)  
  48  4:14  Probe (Chrono Boost), Assimilator  
  50  4:19  Assimilator  
  50  4:20  Warp Prism  
  52  4:25  Adept  
  54  4:42  Probe x2 (Chrono Boost)  
  54  4:45  Pylon  
  56  4:48  Pylon  
  56  4:57  Observer  
  57  5:10  Probe x2 (Chrono Boost)  
  59  5:15  Gateway  
  59  5:16  Gateway  
  59  5:18  Forge  
  59  5:20  Probe x2 (Chrono Boost), Forge  
  61  5:23  Pylon  
  61  5:26  Nexus  
  61  5:27  Adept, Pylon  
  63  5:32  Adept x2  
  65  5:43  Adept x2  
  69  5:50  Probe x2 (Chrono Boost)  
  69  5:54  Robotics Bay  
  71  6:00  Adept  
  71  6:01  Adept, Robotics Facility  
  75  6:07  Zealot x2  
  79  6:17  Adept  
  75  6:29  Sentry  
  75  6:30  Sentry x3  
  75  6:32  Photon Cannon  
  83  6:34  Photon Cannon  
  83  7:04  Adept x3  
  83  7:05  Adept x2  
  85  7:22  Disruptor x2  
  86  7:24  Protoss Ground Weapons Level 1  
  86  7:25  Protoss Ground Armor Level 1  
  85  7:47  Zealot x2  
  85  7:48  Zealot x4  
  95  7:54  Probe x2 (Chrono Boost)  
  95  7:55  Probe (Chrono Boost)  
  95  7:57  Gateway  
  98  8:04  Probe x2 (Chrono Boost)  
  100  8:08  Disruptor  
  100  8:09  Disruptor  
  104  8:14  Probe (Chrono Boost)  
  97  8:24  Stalker x5  
  93  8:47  Pylon  
  90  8:48  Pylon  
  90  8:50  Pylon  
  90  8:51  Pylon  
  87  9:09  Probe x2 (Chrono Boost)  
  87  9:10  Disruptor  
  87  9:11  Disruptor  
  93  9:21  Nexus  
  93  9:26  Pylon  
  93  9:27  Pylon x2  
  93  9:34  Stalker x5  
  93  9:35  Stalker  
  105  9:47  Adept  
  101  10:02  Gateway  
  101  10:03  Gateway  
  101  10:05  Gateway, Disruptor  
  101  10:06  Disruptor, Photon Cannon  
  107  10:07  Photon Cannon  
  107  10:10  Photon Cannon  
  107  10:12  Pylon  
  107  10:17  Zealot x2  
  107  10:18  Zealot x3  
  117  10:21  Adept  
  110  10:47  Stalker x4  
  106  11:05  Adept x5  
  108  11:27  Probe x2 (Chrono Boost)  
  108  11:28  Probe (Chrono Boost)  
  101  11:37  Probe (Chrono Boost)  
  101  11:38  Probe x2 (Chrono Boost), Adept  
  101  11:39  Sentry x5  
  116  11:40  Sentry  
  118  11:47  Probe (Chrono Boost)  
  107  12:10  Stalker x5  
  107  12:11  Stalker x2  
Tags
 
Add a new tag
Caveats
  • Supply blocks, unpowered buildings, or Contaminate may cause inaccurate times.
  • Supply counts are checked every 10 seconds.